 Dungeon Crawl Stone Soup version 0.21-a0-33-g8b44e26 (webtiles) character file.

91 blackwizard the Caller (level 4, -3/39 HPs)
             Began as a Troll Summoner on May 27, 2017.
             Killed by divine providence
             ... invoked by an orc priest
              (11 damage)
             ... on level 3 of the Dungeon.
             The game lasted 00:12:45 (2431 turns).

blackwizard the Caller (Troll Summoner)             Turns: 2431, Time: 00:12:46

Health: -3/39      AC:  5    Str: 20    XL:     4   Next: 33%
Magic:  5/5        EV:  8    Int: 11    God:
Gold:   135        SH:  0    Dex: 10    Spells: 5/6 levels left

rFire    . . .     SeeInvis .   q - +2 flail (protect)
rCold    . . .     Gourm    +   (no shield)
rNeg     . . .     Faith    .   a - +0 robe
rPois    .         Spirit   .   (helmet restricted)
rElec    .         Reflect  .   (no cloak)
rCorr    .         Harm     .   (gloves unavailable)
MR       .....                  (boots unavailable)
Stlth    +.........             (no amulet)
Regen    0.6/turn               h - +3 ring of strength
MPRegen  0.1/turn               j - -2 ring of evasion (curse)

@: no status effects
A: unfitting armour, claws 3, fast metabolism 3, gourmand, regeneration 1,
shaggy fur 1, tough skin 2
a: no special abilities


You were on level 3 of the Dungeon.
You were hungry.

You visited 1 branch of the dungeon, and saw 3 of its levels.

You collected 135 gold pieces.

Inventory:

Hand Weapons
 e - a +0 short sword
 q - a +2 flail of protection (weapon)
Missiles
 d - 21 sling bullets
 f - 18 bolts
 k - 29 arrows
 p - 27 stones (quivered)
Armour
 a - a +0 robe (worn)
 g - a +0 robe
 n - a +0 robe
 u - a +0 robe
Jewellery
 h - a +3 ring of strength (left claw)
 j - a cursed -2 ring of evasion (right claw)
 v - a cursed ring of teleportation {unknown}
Scrolls
 i - a scroll of fear {unknown}
 l - a scroll of recharging {unknown}
 m - a scroll of noise {unknown}
 r - a scroll of enchant armour {unknown}
 w - a scroll of fog {unknown}
 x - a scroll of amnesia {unknown}
Potions
 o - 2 potions of ambrosia {unknown}
 s - 2 potions of lignification {unknown}
 t - a potion of mutation {unknown}
Books
 b - a book of Callings

   Spells                             Type                      Level
   a - Summon Small Mammal            Summoning                    1
   b - Call Imp                       Summoning                    2
   c - Call Canine Familiar           Summoning                    3
   d - Summon Guardian Golem          Hexes/Summoning              3
   e - Summon Lightning Spire         Summoning/Air                4
   f - Summon Ice Beast               Ice/Summoning                4
Comestibles
 c - a bread ration


   Skills:
 + Level 0.1 Fighting
 + Level 0.4 Short Blades
 + Level 0.6 Maces & Flails
 + Level 1.9 Dodging
 + Level 1.0 Stealth
 + Level 1.8 Spellcasting
 + Level 3.6 Summonings


You had 5 spell levels left.
You knew the following spells:

 Your Spells              Type           Power        Failure   Level  Hunger
a - Summon Small Mammal   Summ           #...         7%          1    ##.....


Dungeon Overview and Level Annotations

Branches:
Dungeon (3/15)

Altars:


Innate Abilities, Weirdness & Mutations

You are too large for most types of armour.
You have claws for hands.
Your metabolism is lightning-fast.
You like to eat raw meat.
Your natural rate of healing is unusually fast.
You are covered in fur. (AC +1)
You have very tough skin. (AC +2)


Message History

The orc hits you with a flail!
The orc priest invokes the aid of Beogh against you.
Beogh smites you!
* * * LOW HITPOINT WARNING * * *
The orc barely misses you.
The orc priest shouts!
The orc priest calls down the wrath of Beogh upon you.
Pain shoots through your body!
* * * LOW HITPOINT WARNING * * *
The orc hits you but does no damage. The orc hits you with a flail.
* * * LOW HITPOINT WARNING * * *
The orc barely misses you.
The orc priest looks satisfied for a moment.
You see here a chain mail.
The orc priest calls upon Beogh to heal the orc.
The orc's wounds heal themselves!
The orc priest invokes the aid of Beogh against you.
Beogh smites you!
You die...

##### #################.#.#
#.................#.###### #####
#.###############.#....... . ..#
#.# #.#.###### # #.# #.#
#.#.#..... # #.####.# #.#.#.####
###....#.###############.#.#o....
.........[oo.o..@................
............o..........#.#.#.#.#.
######.#.######........#.#.#...#.
...o...#.# ##........#.#.#.#...
.......#.# ............#.#.#.##
.........# .#######.###.......[.
.......### # #.# #........#
.......# #.# #........# .......#
#.## .#


You could see 2 orc priests and 2 orcs.

Vanquished Creatures
  3 adders
  An ooze (D:2)
  2 worms
  A dart slug (D:1)
  3 leopard geckos
  An orc (D:3)
  5 giant cockroaches
  5 goblins
  3 hobgoblins
  7 jackals
  A quokka (D:3)
  3 bats
  A frilled lizard (D:1)
  5 kobolds
  4 rats
45 creatures vanquished.

Vanquished Creatures (collateral kills)
  A dart slug (D:1)
  A giant cockroach (D:1)
  A hobgoblin (D:1)
  A jackal (D:2)
  2 bats (D:1)
  2 frilled lizards (D:1)
  3 kobolds
  A rat (D:2)
12 creatures vanquished.

Grand Total: 57 creatures vanquished

Notes
Turn   | Place    | Note
-------+----------+-------------------------------------------
     0 | D:1      | blackwizard the Troll Summoner began the quest for the Orb.
     0 | D:1      | Reached XP level 1. HP: 16/16 MP: 1/1
    51 | D:1      | Reached skill level 3 in Summonings
   403 | D:1      | Reached XP level 2. HP: 24/24 MP: 0/3
   586 | D:1      | Paralysed by fainting for 9 turns
  1186 | D:1      | Reached XP level 3. HP: 31/31 MP: 4/4
  1811 | D:2      | Reached XP level 4. HP: 29/39 MP: 1/5
  1901 | D:2      | You fall through a shaft!
  2161 | D:3      | Paralysed by fainting for 12 turns
  2350 | D:3      | HP: 1/39 [orc priest/divine providence (12)]
  2373 | D:3      | HP: 1/39 [orc priest/divine providence (12)]
  2431 | D:3      | Killed from afar by an orc priest

Vault maps used:
D:1:      kennysheep_arrival_forest, minmay_misc_feat_ornament, minivault_19
D:2:      uniq_sigmund

Skill      XL: |  1 |
---------------+----+-----
Summonings     | 3 |  3.6
Fighting       | |  0.1
Short Blades   | |  0.4
Maces & Flails | |  0.6
Dodging        | |  1.9
Stealth        | |  1.0
Spellcasting   | |  1.8

Action                   |  1- 3 |  4- 6 || total
-------------------------+-------+-------++-------
Melee: Short sword       |    61 |       ||    61
       Unarmed           |     3 |       ||     3
       Flail             |    56 |    28 ||    84
 Cast: Summon Small Mamm |    49 |    19 ||    68
 Stab: Distracted        |     1 |       ||     1
  Eat: Chunk             |     3 |       ||     3
       Bread ration      |     2 |     1 ||     3
       Meat ration       |     1 |       ||     1
Armor: Robe              |   130 |    40 ||   170
Dodge: Dodged            |   168 |    34 ||   202
